 Dungeon Crawl Stone Soup version 0.21-a0-91-ga5031da (webtiles) character file.

239846 Celandrion the Corrupter of Planes (level 18, -11/151 HPs)
             Began as a Demonspawn Abyssal Knight on June 27, 2017.
             Was the Champion of Lugonu.
             Killed from afar by Ilsuiw (49 damage)
             ... with a shard of ice
             ... on level 4 of the Shoals on June 28, 2017.
             The game lasted 02:09:51 (47394 turns).

Celandrion the Corrupter of Planes (DsAK)          Turns: 47394, Time: 02:09:52

Health: -11/151    AC: 48    Str: 28    XL:     18   Next: 60%
Magic:  31/31      EV:  8    Int: 16    God:    Lugonu [******]
Gold:   1588       SH:  0    Dex:  8    Spells: 15/17 levels left

rFire    + + .     SeeInvis .   Q - +7 glaive of Edatyq {flame, Stlth+}
rCold    + + .     Gourm    +   (shield currently unavailable)
rNeg     . . .     Faith    .   T - +12 crystal plate armour "Izaapruj" {-Cast MR+ Str+5}
rPois    +         Spirit   .   (helmet unavailable)
rElec    .         Reflect  .   e - +0 cloak
rCorr    .         Harm     .   l - +2 pair of gloves
MR       +++..     NoCast   +   S - +2 pair of boots {run}
Stlth    ..........             U - amulet of the gourmand
HPRegen  0.35/turn              I - ring of protection from cold
MPRegen  0.22/turn              J - ring "Ehuny" {rPois rF++ MR+ Str+4 Dex-2 Stlth-}

@: engulfed (cannot breathe), quick
A: horns 3, talons 1, yellow scales 2, clumsy 1, cold resistance 1, foul stench
1, augmentation 2, rot immunity, freezing cloud immunity, MP-powered wands
}: 2/15 runes: serpentine, barnacled
a: Depart the Abyss, Bend Space, Banish, Corrupt, Enter the Abyss, Brand Weapon
With Distortion, Renounce Religion


You were on level 4 of the Shoals.
You worshipped Lugonu.
Lugonu was exalted by your worship.
You were completely stuffed.

You visited 5 branches of the dungeon, and saw 31 of its levels.
You visited the Abyss 1 time.
You also visited: Labyrinth, Ossuary and Ice Cave.

You collected 3171 gold pieces.
You spent 1583 gold pieces at shops.

Inventory:

Hand Weapons
 a - the +4 arbalest "Iposk" {freeze, rN+ Dex+2}
   (You found it on level 13 of the Dungeon)

   It causes projectiles fired from it to freeze those they strike, causing
   extra injury to most foes and up to half again as much damage against
   particularly susceptible opponents.
   They can also slow down cold-blooded creatures.
   It affects your dexterity (+2).
   It protects you from negative energy.
 p - a +2 demon trident of venom
 H - a +2 glaive of protection
 Q - the +7 glaive of Edatyq (weapon) {flame, Stlth+}
   (You found it on level 6 of the Lair of Beasts)

   It has been specially enchanted to burn those struck by it, causing extra
   injury to most foes and up to half again as much damage against particularly
   susceptible opponents.
   Big, fiery blades are also staple armaments of hydra-hunters.
   It makes you more stealthy.
Armour
 e - a +0 cloak (worn)
 l - a +2 pair of gloves (worn)
 P - the +0 pair of boots of Agnosticism {*Corrode +Inv rC++ MR+}
   (You bought it in a shop on level 2 of the Orcish Mines)

   It greatly protects you from cold.
   It affects your resistance to hostile enchantments.
   It lets you turn invisible.
   It may corrode you when you take damage.
 R - the +2 shield of Resistance {rF+ rC+ MR+}
   (You took it off a minotaur in a labyrinth)

   It protects you from fire.
   It protects you from cold.
   It affects your resistance to hostile enchantments.
 S - a +2 pair of boots of running (worn)
 T - the +12 crystal plate armour "Izaapruj" (worn) {-Cast MR+ Str+5}
   (You acquired it on level 15 of the Dungeon)

   It affects your strength (+5).
   It affects your resistance to hostile enchantments.
   It prevents spellcasting.
Jewellery
 b - an uncursed ring of ice
 I - a ring of protection from cold (left hand)
 J - the ring "Ehuny" (right hand) {rPois rF++ MR+ Str+4 Dex-2 Stlth-}
   (You took it off a minotaur in a labyrinth)

   [ring of dexterity]

   It affects your strength (+4).
   It affects your dexterity (-2).
   It greatly protects you from fire.
   It protects you from poison.
   It affects your resistance to hostile enchantments.
   It makes you less stealthy.
 U - an amulet of the gourmand (around neck)
Wands
 f - a wand of acid (8/15)
 o - a wand of polymorph (24/24)
 A - a wand of iceblast (6/15)
 E - a wand of lightning (5/15)
Scrolls
 d - 6 scrolls of teleportation
 h - 19 scrolls of identify
 i - 2 scrolls of magic mapping
 j - 7 scrolls of blinking
 r - 13 scrolls of remove curse
 x - 5 scrolls of recharging
 y - a scroll of silence
 L - 6 scrolls of amnesia
 N - 4 scrolls of fear
 O - a scroll of fog
 V - a scroll of enchant armour
Potions
 g - 10 potions of curing
 k - 3 potions of cancellation
 m - 5 potions of lignification
 n - a potion of agility
 q - 6 potions of flight
 s - 10 potions of heal wounds
 t - 4 potions of brilliance
 u - 2 potions of ambrosia
 w - a potion of magic
 B - 6 potions of might
 C - a potion of resistance
 K - 4 potions of haste
 M - a potion of berserk rage
Miscellaneous
 D - a phial of floods
 G - a phantom mirror
Comestibles
 c - 10 bread rations
 v - 14 meat rations
 z - 3 chunks of flesh


   Skills:
 + Level 16.0 Fighting
   Level 2.2 Maces & Flails
 + Level 16.2 Polearms
 + Level 15.8 Armour
 - Level 6.3 Dodging
 - Level 0.8 Stealth
 - Level 1.0 Shields
 + Level 19.3 Invocations


You had 15 spell levels left.
You knew the following spells:

 Your Spells              Type           Power        Failure   Level  Hunger
a - Blink                 Tloc           N/A          100%        2    ###....


Dungeon Overview and Level Annotations

Branches:
Dungeon (15/15)            Temple (0/1) D:7            Lair (6/6) D:8
 Shoals (4/4) Lair:2        Snake (4/4) Lair:3        Slime (0/5) Lair:6
    Orc (2/2) D:9             Elf (0/3) Orc:2        Vaults (0/5) D:13
 Depths (0/5) D:15

Altars:
Cheibriados
Makhleb
Nemelex Xobeh
Beogh

Shops:
D:8 %   D:10 (   D:12 *   D:15 *   Orc:2 ![?:   Shoals:1 [   Shoals:2 ?
Snake:4 [

Portals:
Pandemonium: Orc:2

Annotations:
D:2 Sigmund
D:7 corrupted
Lair:3 corrupted
Shoals:4 Ilsuiw
Abyss:1 Maurice, Sonja


Innate Abilities, Weirdness & Mutations

You have a pair of large horns on your head.
You are mostly covered in yellow scales. (AC +3)
Your flesh is cold resistant. (rC+)
You may emit foul miasma when damaged in melee.
Your magical and physical power is enhanced at high health.
You are immune to rotting.
You are immune to freezing clouds.
You have sharp toenails.
You are clumsy. (Dex -2)
You expend magic power (3 MP) to strengthen your wands.


Message History

Your lungs strain for air!
The water elemental hits you. x3
Ilsuiw gestures at you while chanting. The shard of ice hits you!
You partially resist.
You closely miss Ilsuiw.
Ilsuiw is severely wounded.
Your lungs strain for air!
The water elemental closely misses you. The water elemental hits you!
You emit a cloud of foul miasma!
The water elemental hits you!
* * * LOW HITPOINT WARNING * * *
Ilsuiw hits you but does no damage.
Your crystal plate armour "Izaapruj" prevents you from hitting Ilsuiw.
Your headbutt misses Ilsuiw.
Ilsuiw is severely wounded.
* * * LOW HITPOINT WARNING * * *
Your lungs strain for air!
The water elemental hits you. x2; The water elemental barely misses you.
Ilsuiw points at you and mumbles some strange words.
The shard of ice hits you! You partially resist.
You die...

≈≈≈#≈.#[...≈≈..........≈.P≈...../
≈#≈≈≈..#...≈≈≈≈....≈≈≈######.....
≈≈#≈.#.#...≈≈≈≈≈...≈≈#.≈≈≈≈##....
≈≈##≈..#...≈≈≈≈≈≈..≈#..#...≈##...
≈≈≈≈#..#..≈≈≈≈≈≈)..#....≈#..≈#..≈
.≈≈≈≈≈≈#.≈≈≈≈≈≈≈...#.#.≈≈≈≈.≈#≈≈≈
#≈≈≈≈≈##≈≈≈≈≈≈≈≈)..#..≈≈##≈.≈#≈≈≈
≈≈≈≈≈##≈≈≈≈≈≈≈≈mE..#.)#≈#≈..≈#≈≈≈
######≈≈≈≈≈≈≈≈≈.@E)#≈..≈≈.)#≈#≈≈≈
.≈≈≈≈≈≈≈≈)≈≈≈≈.≈E.)##≈....#≈##≈≈.
≈≈≈≈≈≈≈≈.###.≈≈≈.##.##≈≈≈≈≈##≈≈..
≈≈≈≈≈≈≈≈.# #.P≈P.##.########.≈...
≈≈≈≈≈≈(≈.###)≈≈..####,,.,≈≈≈....≈
≈≈≈≈≈≈≈()....P≈.##*##...≈≈≈≈P.≈≈≈
.≈≈≈≈≈≈≈≈≈PP≈P)###P...≈≈≈≈≈≈≈≈≈≈≈
.≈≈≈≈≈...≈≈≈P≈)....≈≈≈≈≈≈≈≈≈≈≈≈≈≈
.≈≈≈≈≈.#..≈≈PPP..≈P≈PPP≈≈≈≈≈≈≈≈≈≈


You could see Ilsuiw and 3 water elementals.

Vanquished Creatures
  A kraken (Shoals:2)
  Frances (D:14)
  Donald (Shoals:1)
  8 nagarajas
  Kirke (Shoals:2)
  Aizul (Snake:2)
  Nessos (D:13)
  Snorg (Lair:4)
  3 merfolk javelineers
  9 merfolk impalers
  A minotaur (Lab)
  Josephine (D:13)
  Fannar (D:12)
  7 hydras
  8 vault guards (D:13)
  11 naga warriors
  4 merfolk avatars
  2 satyrs
  An alligator snapping turtle (Shoals:3)
  5 anacondas
  A catoblepas (Lair:6)
  3 centaur warriors
  10 two-headed ogres
  3 tengu warriors
  Urug (D:13)
  5 merfolk aquamancers (Shoals:4)
  8 death yaks
  11 naga sharpshooters
  7 orc high priests (Orc:2)
  5 shock serpents
  A shock serpent (shapeshifter) (D:15)
  A salamander mystic (Snake:3)
  11 sea snakes
  A torturous demonspawn (Orc:2)
  A death drake (shapeshifter) (D:15)
  4 unseen horrors
  A wolf spider zombie (D:14)
  A necromancer (IceCv)
  4 orc knights
  An orb spider (shapeshifter) (D:14)
  28 harpies
  7 mana vipers
  A naga ritualist (Snake:1)
  A harpy (shapeshifter) (D:15)
  6 orc sorcerers
  A deep elf mage (D:14)
  11 ugly things
  10 fauns
  6 cyclopes
  13 elephants (Lair:6)
  13 manticores
  2 centaur zombies
  8 salamanders
  8 merfolk sirens
  11 naga magi
  8 water nymphs
  3 guardian serpents
  26 black mambas
  4 ice statues (IceCv)
  A gargoyle (D:11)
  A smoke demon (Orc:2)
  15 spiny frogs
  4 centaur skeletons
  2 kobold demonologists
  7 komodo dragons
  3 rime drakes
  22 merfolk
  6 ice devils (IceCv)
  9 trolls
  4 wind drakes
  5 hornets (Lair:6)
  7 polar bears
  15 snapping turtles
  17 blink frogs
  11 dream sheep
  11 slime creatures
  A raiju (shapeshifter) (D:15)
  17 hippogriffs
  A wyvern (Lair:2)
  7 wraiths
  13 spriggans (Lair:6)
  36 yaks
  2 vampires
  8 hogs
  A shadow (D:15)
  8 water elementals
  A human (D:8)
  Eustachio (D:6)
  A neqoxec (Orc:2)
  A chaos spawn (Orc:2)
  A vampire mosquito (D:7)
  2 basilisks
  2 wargs
  3 hungry ghosts
  55 nagas
  16 water moccasins
  2 floating eyes (D:12)
  Duvessa (D:5)
  38 orc warriors
  16 porcupines
  8 black bears
  5 ice beasts
  4 sky beasts
  5 ogres
  2 phantoms
  13 centaurs
  29 wolves
  7 boggarts
  14 crocodiles
  Blork the orc (D:6)
  19 bullfrogs
  Dowan (D:5)
  A wyvern skeleton (D:9)
  2 scorpions
  A troll zombie (D:9)
  15 killer bees
  8 wights
  3 howler monkeys (D:8)
  An electric eel (Lair:2)
  5 crimson imps
  2 draconian simulacra (IceCv)
  2 quasits
  27 orc priests
  12 hounds
  A human zombie (D:5)
  2 bullfrog zombies
  5 jellies
  25 orc wizards
  A bullfrog skeleton (D:9)
  9 iguanas
  An iron imp (D:8)
  Natasha (D:2)
  3 troll simulacra (IceCv)
  15 worker ants
  A spriggan simulacrum (IceCv)
  6 big kobold zombies (Ossuary)
  2 centaur simulacra (IceCv)
  7 ogre zombies
  A hound zombie (D:5)
  A hound skeleton (D:9)
  A mummy (Ossuary)
  A worker ant zombie (D:7)
  A gnoll (D:5)
  13 adders
  A naga simulacrum (IceCv)
  An ogre simulacrum (IceCv)
  7 shadow imps
  12 white imps (D:11)
  3 oozes
  A worm (D:2)
  2 dart slugs (D:3)
  2 leopard geckos
  96 orcs
  A spectral bat (Ossuary)
  8 bats
  A giant cockroach (D:7)
  6 gnoll zombies (Ossuary)
  9 goblins
  2 hobgoblins
  12 jackals
  6 kobolds
  A quokka (D:5)
  A ball python (D:5)
  6 bat simulacra (Ossuary)
  5 frilled lizards
  2 goblin simulacra (Ossuary)
  3 goblin zombies
  3 hobgoblin skeletons (D:9)
  6 hobgoblin zombies
  A kobold simulacrum (Ossuary)
  5 kobold zombies (Ossuary)
  A leopard gecko zombie (D:7)
  6 orc skeletons (D:9)
  20 orc zombies
  11 rats
  2 rat simulacra (Ossuary)
  2 spectral goblins (Ossuary)
  2 spectral kobolds (Ossuary)
  3 spectral rats (Ossuary)
  2 plants (Shoals:4)
  3 tentacles (Shoals:2)
1228 creatures vanquished.

Vanquished Creatures (others)
  7 hydras
  A fire crab (Lair:6)
  A cyclops (D:13)
  A spriggan (Lair:6)
  An ogre (D:7)
  A bullfrog (Lair:3)
  A bullfrog zombie (D:7)
  An orc (Orc:1)
  A leopard gecko skeleton (D:7)
  34 fungi
  46 plants
  11 tentacles (Shoals:2)
106 creatures vanquished.

Grand Total: 1334 creatures vanquished

Notes
Turn   | Place    | Note
-------+----------+-------------------------------------------
     0 | Abyss:1  | Celandrion the Demonspawn Abyssal Knight began the quest for the Orb.
     0 | Abyss:1  | Reached XP level 1. HP: 18/18 MP: 2/2
   115 | Abyss:1  | Noticed a starcursed mass
   117 | D:1      | Escaped the Abyss
   742 | D:1      | Gained mutation: You have a pair of small horns on your head. [demonic ancestry]
   742 | D:1      | Reached XP level 2. HP: 20/24 MP: 4/4
  1319 | D:2      | Reached skill level 1 in Dodging
  1398 | D:2      | Gained mutation: You are immune to rotting. [demonic ancestry]
  1398 | D:2      | Reached XP level 3. HP: 25/29 MP: 5/5
  1662 | D:2      | Noticed Sigmund
  1695 | D:1      | Reached * piety under Lugonu
  2352 | D:2      | Noticed Natasha
  2368 | D:2      | Killed Natasha
  2368 | D:2      | Reached XP level 4. HP: 28/37 MP: 6/6
  3208 | D:3      | Reached XP level 5. HP: 31/42 MP: 7/7
  4458 | D:4      | Gained mutation: You have a pair of horns on your head. [demonic ancestry]
  4458 | D:4      | Reached XP level 6. HP: 48/48 MP: 8/8
  4595 | D:5      | Entered Level 5 of the Dungeon
  4630 | D:5      | Found a sand-covered staircase.
  4651 | Ossuary  | Entered an ossuary
  4748 | Ossuary  | Reached ** piety under Lugonu
  5309 | Ossuary  | Reached *** piety under Lugonu
  5387 | D:5      | Noticed an ice beast
  5400 | D:5      | Killed an ice beast
  5400 | D:5      | Reached skill level 3 in Invocations
  5400 | D:5      | Gained mutation: You may emit foul miasma when damaged in melee. [demonic ancestry]
  5400 | D:5      | Reached XP level 7. HP: 37/55 MP: 9/9
  5904 | D:5      | Reached skill level 1 in Maces & Flails
  6151 | D:5      | Reached skill level 4 in Invocations
  6800 | D:5      | Reached XP level 8. HP: 42/61 MP: 11/11
  7137 | D:5      | Noticed Duvessa
  7137 | D:5      | Noticed Dowan
  7151 | D:5      | Killed Duvessa
  7151 | D:5      | Reached skill level 5 in Fighting
  7157 | D:5      | Killed Dowan
  7427 | D:5      | Reached skill level 5 in Invocations
  7456 | D:5      | Reached skill level 5 in Polearms
  8019 | D:6      | Reached skill level 5 in Dodging
  8019 | D:6      | Reached skill level 8 in Invocations
  8019 | D:6      | Gained mutation: You are partially covered in yellow scales. (AC +2) [demonic ancestry]
  8019 | D:6      | Reached XP level 9. HP: 72/72 MP: 12/15
  8420 | D:6      | Noticed Eustachio
  8445 | D:6      | Killed Eustachio
  8470 | D:6      | Noticed Blork the orc
  8477 | D:6      | Killed Blork the orc
  9046 | D:7      | Reached **** piety under Lugonu
  9189 | D:7      | Noticed a two-headed ogre
  9189 | D:7      | Noticed a six-headed hydra
  9224 | D:7      | Killed a two-headed ogre
  9224 | D:7      | Reached XP level 10. HP: 76/79 MP: 16/16
  9225 | D:7      | Corrupted D:7
  9225 | D:7      | Noticed a thrashing horror
  9225 | D:7      | Noticed a vampire mage
  9226 | D:7      | Noticed a spatial maelstrom
  9231 | D:7      | Noticed a glowing orange brain
  9232 | D:7      | Noticed a large abomination
  9241 | D:7      | Noticed a thrashing horror
  9458 | D:7      | Got a transparent quick blade
  9458 | D:7      | Got a tiger eye-encrusted plate armour
  9559 | D:7      | Found a sparkling altar of Nemelex Xobeh.
  9577 | D:7      | Banished a six-headed hydra
  9577 | D:7      | Reached skill level 9 in Invocations
  9649 | D:7      | Found a staircase to the Ecumenical Temple.
  9888 | D:7      | Noticed a two-headed ogre
  9924 | D:7      | Killed a two-headed ogre
 10307 | D:7      | Identified the +7 quick blade "Doideq" {pierce, rPois rN++ Str+2 Dex-2} (You found it on level 7 of the Dungeon)
 10449 | D:8      | Found a staircase to the Lair.
 10880 | D:8      | Identified the +7 plate armour of the Earth {rC+} (You found it on level 7 of the Dungeon)
 11080 | D:8      | Found Cyumomib's Food Shop.
 11206 | D:8      | Gained mutation: Your flesh is cold resistant. (rC+) [demonic ancestry]
 11206 | D:8      | Reached XP level 11. HP: 86/86 MP: 18/18
 11530 | D:8      | Found a snail-covered altar of Cheibriados.
 11818 | D:9      | Noticed a two-headed ogre
 11827 | D:9      | Killed a two-headed ogre
 12304 | D:9      | Found a staircase to the Orcish Mines.
 12372 | D:9      | Reached ***** piety under Lugonu
 12929 | D:10     | Entered Level 10 of the Dungeon
 12987 | D:10     | Noticed a tengu warrior
 13002 | D:10     | Killed a tengu warrior
 13061 | D:10     | Reached skill level 10 in Polearms
 13633 | D:10     | Found Caunnefu's Antique Weapon Shop.
 14140 | D:11     | Found a frozen archway.
 14150 | IceCv    | Entered an ice cave
 14251 | IceCv    | Reached skill level 10 in Armour
 14431 | IceCv    | Gained mutation: You have a pair of large horns on your head. [demonic ancestry]
 14431 | IceCv    | Reached XP level 12. HP: 80/94 MP: 16/19
 14639 | IceCv    | Reached skill level 1 in Shields
 15046 | IceCv    | Reached skill level 10 in Invocations
 15683 | D:11     | Noticed a two-headed ogre
 15695 | D:11     | Killed a two-headed ogre
 15753 | D:11     | Reached ****** piety under Lugonu
 16159 | Lair:1   | Entered Level 1 of the Lair of Beasts
 16234 | Lair:1   | Noticed a seven-headed hydra
 16243 | Lair:1   | Banished a seven-headed hydra
 17497 | Lair:2   | Reached skill level 11 in Invocations
 17672 | Lair:2   | Found a staircase to the Shoals.
 17767 | Lair:2   | Gained mutation: You are mostly covered in yellow scales. (AC +3) [demonic ancestry]
 17767 | Lair:2   | Reached XP level 13. HP: 95/102 MP: 18/21
 18148 | Lair:2   | Got a slimy trident
 18149 | Lair:2   | Identified the +2 trident of Ancient Evil {distort, +Rage} (You found it on level 2 of the Lair of Beasts)
 18215 | Lair:3   | Found a labyrinth entrance.
 18224 | Lab      | Entered a labyrinth
 18522 | Lab      | Noticed a minotaur
 18531 | Lab      | Killed a minotaur
 18539 | Lab      | Got a fine bone ring
 18540 | Lab      | Identified the cursed ring "Ehuny" {rPois rF++ MR+ Str+4 Dex-2 Stlth-} (You took it off a minotaur in a labyrinth)
 18720 | Lab      | Learned a level 2 spell: Blink
 18721 | Lab      | Identified Sif Muna's Tome of the Journeyman
 18890 | Lair:3   | Found a staircase to the Snake Pit.
 19150 | Lair:3   | Reached skill level 10 in Fighting
 19394 | Lair:3   | Corrupted Lair:3
 19394 | Lair:3   | Noticed a starcursed mass
 19394 | Lair:3   | Noticed a green very ugly thing
 19399 | Lair:3   | Noticed an Executioner
 19400 | Lair:3   | Noticed a tentacled starspawn
 19890 | Lair:3   | Upgraded the game from 0.21-a0-88-g13b9641 to 0.21-a0-91-ga5031da
 20040 | Lair:4   | Reached skill level 12 in Invocations
 21053 | Lair:4   | Noticed Snorg
 21065 | Lair:4   | Killed Snorg
 22166 | Lair:6   | Entered Level 6 of the Lair of Beasts
 22339 | Lair:6   | Paralysed by a hornet for 1 turns
 22402 | Lair:6   | Reached skill level 13 in Invocations
 22434 | Lair:6   | Gained mutation: You are immune to freezing clouds. [demonic ancestry]
 22434 | Lair:6   | Reached XP level 14. HP: 30/113 MP: 9/23
 22591 | Lair:6   | Found a staircase to the Slime Pits.
 24418 | Lair:6   | Reached skill level 14 in Invocations
 24707 | Lair:6   | Got a transparent glaive
 24708 | Lair:6   | Identified the +7 glaive of Edatyq {flame, Stlth+} (You found it on level 6 of the Lair of Beasts)
 25750 | Orc:1    | Entered Level 1 of the Orcish Mines
 25895 | Orc:2    | Entered Level 2 of the Orcish Mines
 26149 | Orc:1    | Found a burning altar of Makhleb.
 26472 | Orc:2    | Gained mutation: You are occasionally teleported next to monsters. [a neqoxec]
 26479 | Orc:2    | Lost mutation: You are occasionally teleported next to monsters. [potion of mutation]
 26479 | Orc:2    | Gained mutation: You are clumsy. (Dex -2) [potion of mutation]
 26479 | Orc:2    | Gained mutation: You expend magic power (3 MP) to strengthen your wands. [potion of mutation]
 26479 | Orc:2    | Gained mutation: You have sharp toenails. [potion of mutation]
 26485 | Orc:2    | Found Zabraghae's Magic Scroll Shop.
 26502 | Orc:2    | Found a staircase to the Elven Halls.
 27127 | Orc:2    | Found a roughly hewn altar of Beogh.
 27503 | Orc:1    | Noticed Maurice
 27508 | Orc:1    | Banished Maurice
 27683 | Orc:2    | Found Osoffihop's Distillery.
 27746 | Orc:2    | Reached XP level 15. HP: 25/121 MP: 6/25
 28436 | Orc:2    | Paralysed by an orc sorcerer for 4 turns
 28858 | Orc:2    | Found Jureqeh's Antique Armour Emporium.
 28858 | Orc:2    | Found Rarai's Book Shoppe.
 28861 | Orc:2    | Found a one-way gate leading to the halls of Pandemonium.
 29068 | Orc:2    | Bought a pair of faintly glowing boots for 370 gold pieces
 29083 | Orc:2    | Identified the cursed +0 pair of boots of Agnosticism {*Corrode +Inv rC++ MR+} (You bought it in a shop on level 2 of the Orcish Mines)
 29131 | Orc:2    | Bought a potion of heal wounds for 65 gold pieces
 29133 | Orc:2    | Bought a scroll of teleportation for 54 gold pieces
 29374 | D:12     | Found Casis's Assorted Antiques.
 29381 | D:12     | Bought a potion of haste for 310 gold pieces
 29490 | D:12     | Noticed Fannar
 29500 | D:12     | Killed Fannar
 29500 | D:12     | Reached skill level 15 in Invocations
 30609 | D:13     | Got a fine arbalest
 30610 | D:13     | Identified the +4 arbalest "Iposk" {freeze, rN+ Dex+2} (You found it on level 13 of the Dungeon)
 30667 | D:13     | Noticed Nessos
 30763 | D:13     | Killed Nessos
 31383 | D:13     | Noticed Sonja
 31388 | D:13     | Banished Sonja
 31548 | D:13     | Found a gate to the Vaults.
 32029 | D:13     | Noticed Josephine
 32035 | D:13     | Killed Josephine
 32081 | D:14     | Noticed Urug
 32537 | D:13     | Killed Urug
 33047 | D:14     | Noticed Frances
 33062 | D:14     | Killed Frances
 33062 | D:14     | Gained mutation: Your magical and physical power is slightly enhanced at high health. [demonic ancestry]
 33062 | D:14     | Reached XP level 16. HP: 51/131 MP: 11/27
 33067 | D:14     | Reached skill level 16 in Invocations
 34167 | D:15     | Entered Level 15 of the Dungeon
 34406 | D:15     | Found Sutiacs's General Store.
 34420 | D:15     | Bought a potion of haste for 200 gold pieces
 34593 | D:15     | Identified a scroll of acquirement
 34596 | D:15     | Got a shimmering crystal plate armour
 34607 | D:15     | Identified the +12 crystal plate armour "Izaapruj" {-Cast MR+ Str+5} (You acquired it on level 15 of the Dungeon)
 35153 | D:15     | Found a staircase to the Depths.
 35527 | Snake:1  | Entered Level 1 of the Snake Pit
 36812 | Snake:2  | Noticed Aizul
 36869 | Snake:2  | Killed Aizul
 37804 | Snake:2  | Reached skill level 17 in Invocations
 39426 | Snake:3  | Gained mutation: Your magical and physical power is enhanced at high health. [demonic ancestry]
 39426 | Snake:3  | Reached XP level 17. HP: 140/140 MP: 29/29
 39498 | Snake:4  | Entered Level 4 of the Snake Pit
 39533 | Snake:4  | Found Juzung's Armour Shoppe.
 39603 | Snake:4  | Bought a +1 pair of boots of running for 584 gold pieces
 39645 | Snake:4  | Reached skill level 15 in Polearms
 41329 | Snake:4  | Reached skill level 18 in Invocations
 41815 | Snake:4  | Got a serpentine rune of Zot
 41911 | Snake:2  | Reached skill level 15 in Fighting
 42082 | Shoals:1 | Entered Level 1 of the Shoals
 42474 | Shoals:1 | Found Yvepiuv's Antique Armour Boutique.
 42699 | Shoals:1 | Noticed Donald
 42707 | Shoals:1 | Killed Donald
 42707 | Shoals:1 | Reached skill level 15 in Armour
 43166 | Shoals:2 | Noticed a kraken
 43184 | Shoals:2 | Killed a kraken
 43271 | Shoals:2 | Found Vuot's Magic Scroll Emporium.
 43277 | Shoals:2 | Noticed Kirke
 43299 | Shoals:2 | Killed Kirke
 44239 | Shoals:3 | Reached XP level 18. HP: 100/149 MP: 21/31
 45187 | Shoals:4 | Entered Level 4 of the Shoals
 45277 | Shoals:4 | Noticed Ilsuiw
 45948 | Shoals:4 | Reached skill level 19 in Invocations
 46530 | Shoals:4 | Got a barnacled rune of Zot
 47394 | Shoals:4 | Killed from afar by Ilsuiw

Vault maps used:
D:1:      ncdulo_lavacross
D:2:      kennysheep_boxes, uniq_sigmund, uniq_natasha
D:5:      enter_ossuary_3, first_bread, dk_noncrumbling_3, uniq_duvessa
D:6:      uniq_blork_the_orc, uniq_eustachio
D:7:      minmay_the_grid_octo_2x2, nemelex_altar_shiori,
          minmay_temple_entry_butterflies
D:8:      minmay_goldmine, minmay_lair_entry_grove, serial_shops, shop,
          grunt_livestock, chei_slow_surprise
D:9:      zombieorc2_lemuel
D:10:     serial_shops, kennysheep_mini_moat
D:11:     portal_ice_cave_entry_imps
D:12:     serial_shops, nicolae_shop_waterfront, onia_ninara_cookie, uniq_fannar
D:13:     erik_vaults_2, uniq_josephine, uniq_nessos, uniq_sonja
D:14:     kennysheep_generic_room_9, uniq_frances, uniq_urug
D:15:     gammafunk_enter_depths_forms, serial_shops, shop,
          hangedman_decor_growths
Lair:1:   grunt_megastairs_3
Lair:2:   cheibrodos_lair_river_kwai, minmay_shoals_entry_hut,
          infiniplex_staircase_pool
Lair:3:   minmay_snake_entry_guardpost_medium, lab_entry_generic,
          grunt_megastairs_5
Lair:4:   beast_lair_carwin_5, uniq_snorg
Lair:6:   minmay_lair_end_enchanted_forest, slime_dummy
Shoals:1: serial_shops, shop, uniq_donald
Shoals:2: serial_shops, nicolae_shop_temple_entry_statues_fountains, uniq_kirke
Shoals:4: shoals_end_hangedman, shoals_ilsuiw_ice
Snake:2:  uniq_aizul
Snake:3:  kennysheep_six_static_rooms
Snake:4:  minmay_snake_end_coiled, serial_shops, shop
Orc:1:    bloody_makhleb, uniq_maurice
Orc:2:    pf_orc_diabolical, mines2_david
Lab:      nicolae_lab_dead_adventurers, nicolae_lab_grate_2
Ossuary:  ossuary_zaba_two_paths
IceCv:    ice_cave_tombish

Skill      XL: |  1  2  3  4  5  6  7  8  9 10 11 12 13 14 15 16 17 18 |
---------------+-------------------------------------------------------+-----
Polearms       | 2 3 4 8 9 10 11 12 13 14 15 16 | 16.2
Armour         | 2 3 6 7 10 11 12 13 14 15 | 15.8
Dodging        | 1 2 3 5 6 |  6.3
Fighting       | 4 7 8 9 11 12 13 14 15 16 | 16.0
Invocations    | 3 4 8 9 11 13 14 15 17 18 19 | 19.3
Maces & Flails | 1 2 |  2.2
Shields        | 1 |  1.0
Stealth        | |  0.8

Action                   |  1- 3 |  4- 6 |  7- 9 | 10-12 | 13-15 | 16-18 || total
-------------------------+-------+-------+-------+-------+-------+-------++-------
Melee: Spear             |   118 |    60 |       |       |       |       ||   178
       Headbutt          |    13 |    39 |    28 |   202 |   282 |   229 ||   793
       Trident           |       |   235 |     8 |    59 |    23 |       ||   325
       Flail             |       |       |   105 |    74 |    10 |       ||   189
       Halberd           |       |       |    79 |   938 |   800 |       ||  1817
       Unarmed           |       |       |    12 |       |       |       ||    12
       Glaive            |       |       |       |       |   822 |  1248 ||  2070
       Kick              |       |       |       |       |    49 |       ||    49
Invok: Depart the Abyss  |     1 |       |       |       |       |       ||     1
       Bend Space        |       |       |     1 |     1 |       |     1 ||     3
       Banish            |       |       |       |     3 |    10 |       ||    13
       Corrupt           |       |       |       |     1 |     1 |       ||     2
  Use: Scroll            |     4 |     4 |    10 |    12 |    11 |    11 ||    52
       Potion            |     1 |       |     2 |       |     6 |       ||     9
 Stab: Invisible         |       |       |       |       |     1 |       ||     1
       Petrified         |       |       |       |       |     1 |       ||     1
       Distracted        |       |       |       |       |     1 |       ||     1
  Eat: Chunk             |     3 |     5 |     7 |    25 |    32 |    26 ||    98
       Royal jelly       |     1 |     1 |       |     2 |     6 |     5 ||    15
       Fruit             |       |     3 |     1 |    11 |     6 |    11 ||    32
       Bread ration      |       |       |     1 |       |       |     3 ||     4
       Meat ration       |       |       |       |       |     1 |     1 ||     2
Armor: Ring mail         |    55 |    89 |    80 |    55 |       |       ||   279
       Leather armour    |     5 |       |       |       |       |       ||     5
       Skin              |       |       |     4 |       |       |       ||     4
       Plate armour      |       |       |       |   702 |  1490 |   127 ||  2319
       Crystal plate arm |       |       |       |       |       |  1447 ||  1447
Dodge: Dodged            |    68 |   130 |   149 |   420 |   801 |   541 ||  2109
Block: Shield            |       |       |       |    38 |       |       ||    38
